 Dungeon Crawl Stone Soup version 0.29-a0-982-gaed3a0c8d8 (webtiles) character file.

Game seed: 7658518268774902527

30 MisterAzrael the Trooper (level 3, -3/33 HPs)
             Began as a Minotaur Fighter on Aug 1, 2022.
             Was a Follower of Okawaru.
             Killed by nerve-wracking pain
             ... invoked by Jessica
              (14 damage)
             ... on level 2 of the Dungeon.
             The game lasted 00:01:59 (1796 turns).

MisterAzrael the Trooper (Minotaur Fighter)         Turns: 1796, Time: 00:01:59

Health: -3/33      AC:  8    Str: 22    XL:     3   Next: 5%
Magic:  2/2        EV:  9    Int:  5    God:    Okawaru [*.....]
Gold:   83         SH:  4    Dex:  9    Spells: 2/2 levels left

rFire   . . .      SeeInvis .   a - +0 long sword
rCold   . . .      Faith    .   c - +0 buckler
rNeg    . . .      Spirit   .   b - +0 scale mail
rPois   .          Reflect  .   (helmet restricted)
rElec   .          Harm     .   n - +0 cloak
rCorr   .          Rampage  .   (no gloves)
Will    .....                   (no boots)
Stlth   ..........              (no amulet)
HPRegen 0.11/turn               (no ring)
MPRegen 0.08/turn               (no ring)

@: no status effects
A: horns 2, retaliatory headbutt
a: Renounce Religion, Heroism


You were on level 2 of the Dungeon.
You worshipped Okawaru.
Okawaru was aware of your devotion.
You visited 1 branch of the dungeon, and saw 2 of its levels.

You collected 83 gold pieces.

Inventory:

Hand Weapons
 a - a +0 long sword (weapon)
 l - a +0 long sword
Armour
 b - a +0 scale mail (worn)
 c - a +0 buckler (worn)
 k - a +1 helmet
 n - a +0 cloak (worn)
Jewellery
 g - a ring of positive energy
 p - a ring of flight
Scrolls
 h - a scroll of butterflies
 m - 3 scrolls of identify {unknown}
 o - a scroll of vulnerability {unknown}
Potions
 d - a potion of might
 e - a potion of berserk rage {unknown}
 f - a potion of cancellation {unknown}
 i - 6 potions of lignification {unknown}
 j - 3 potions of curing {unknown}


   Skills:
 + Level 4.2 Fighting
 + Level 3.2 Long Blades
 - Level 3.9 Armour
 - Level 3.9 Shields


You had 2 spell levels left.
You didn't know any spells.
Your spell library was empty.

Dungeon Overview and Level Annotations

Branches:
Dungeon (2/15)

Altars:
Okawaru

Annotations:
D:2 Jessica


Innate Abilities, Weirdness & Mutations

You have a pair of horns on your head.
You reflexively headbutt those who attack you in melee.


Message History

You now have 73 gold pieces (gained 8).
Found a mace.
You now have 83 gold pieces (gained 10).
You open the door.
Jessica the Apprentice Sorceress comes into view.
She is wielding a +0 dagger and carrying a wand of flame (20).
Jessica shouts!
Jessica points at you and mumbles some strange words.
You feel yourself slow down.
There is an open door here.
Jessica casts a spell.
Jessica blinks!
Jessica mumbles something strange.
Jessica closely misses you.
You hit Jessica. Your headbutt misses Jessica.
Jessica is moderately wounded.
Jessica gestures wildly while chanting.
Jessica blinks!
Jessica casts a spell.
Jessica seems to speed up.
Jessica hits you with a +0 dagger.
Jessica zaps a wand.
The puff of flame hits you. Jessica hits you but does no damage.
You hit Jessica but do no damage.
Jessica is moderately wounded.
Jessica hits you but does no damage. You block Jessica's attack.
Jessica mumbles something strange.
Jessica zaps a wand.
The puff of flame hits you.
You hit Jessica.
Jessica is heavily wounded.
Jessica hits you with a +0 dagger.
Jessica grins evilly.
Jessica hits you with a +0 dagger. x2
You are too injured to fight recklessly!
You are too injured to fight recklessly!
You hit Jessica.
Jessica is almost dead.
You feel yourself speed up. Jessica hits you with a +0 dagger.
Jessica casts a spell at you. Pain shoots through your body!
You die...

#....... ####.### #..... ##+# ##
#..### ##...## .# #..###
##.....## ###.## #....#
##.......## ##....# #.#..#
#.........####.....########...(#
+.........'....@@...............
#.........####.......######....#
#.......## #.......# #.†.##
##.....### ###...### ##.##
#.......# ...# #[# #.#+###.#
##.# #.# #.#.# #.# .# #.#
#.#.###.####### .# #.#
#.#............ #.#


You could see Jessica (fast).

Vanquished Creatures
  4 bats
  2 endoplasms (D:2)
  3 giant cockroaches
  2 goblins
  2 hobgoblins (D:2)
  4 kobolds
  2 quokkas (D:1)
  5 ball pythons
  3 rats
27 creatures vanquished.

Notes
Turn   | Place    | Note
-------+----------+-------------------------------------------
     0 | D:1      | MisterAzrael the Minotaur Fighter began the quest for the
                  | Orb.
     0 | D:1      | Reached XP level 1. HP: 19/19 MP: 0/0
   529 | D:1      | Reached XP level 2. HP: 27/27 MP: 1/1
   832 | D:1      | Found a faded altar of an unknown god.
   905 | D:1      | Prayed at the altar of an unknown god.
   905 | D:1      | Became a worshipper of Warmaster Okawaru
   905 | D:1      | Reached * piety under Okawaru
  1182 | D:2      | Reached skill level 4 in Fighting
  1658 | D:2      | Reached XP level 3. HP: 29/33 MP: 2/2
  1786 | D:2      | Noticed Jessica
  1796 | D:2      | Killed from afar by Jessica

Illustrated notes

Levels and vault maps discovered:
D:1:      heliophobic_arrival_dark_side_of_the_moon, layout_basic,
          hellmonk_ecumenical_altar_leap_of_faith
D:2:      layout_loops_corners, uniq_jessica

Skill      XL: |  1  2 |
---------------+-------+-----
Fighting       | 4 |  4.2
Long Blades    | 3 |  3.2
Armour         | |  3.9
Shields        | |  3.9

Action                   || total
-------------------------++-------
Melee: Long sword        ||    70
       Headbutt          ||     9
  Use: Scroll            ||     1
Armor: Scale mail        ||    38
Dodge: Dodged            ||    28
Block: Buckler           ||    16

Table legend: (Time is in decaauts)
 A = Elapsed time spent in this place.
 B = Non-inter-level travel time spent in this place.
 C = Inter-level travel time spent in this place.
 D = Time resting spent in this place.
 E = Time spent auto-exploring this place.
 F = Levels seen in this place.
 G = Mean time per level.
                   A        B        C        D        E       F      G
               +--------+--------+--------+--------+--------+-----+--------+
         Total |   1821 |   1734 |     87 |      0 |   1504 |   2 |  910.5 |
       Dungeon |   1821 |   1734 |     87 |      0 |   1504 |   2 |  910.5 |
               +--------+--------+--------+--------+--------+-----+--------+

Top non-repeatable levels by time:
     D:1: 1180 daAuts
     D:2: 641 daAuts
